 Seeded DCSS version 0.30-a0-170-g85af917532 (webtiles) character file.

Game seed: 11622435026325984608 (custom seed)

4203 Hubris850 the Eye of the Storm (level 10, -4/67 HPs)
             Began as a Merfolk Gladiator on Sept 30, 2022.
             Was a Priest of Qazlal.
             Slain by a boulder beetle (8 damage)
             ... on level 7 of the Dungeon.
             The game lasted 00:10:46 (5923 turns).

Hubris850 the Eye of the Storm (Merfolk Gladiator)  Turns: 5923, Time: 00:10:47

Health: -4/67      AC:  8    Str: 14    XL:     10   Next: 29%
Magic:  0/19       EV: 14    Int: 13    God:    Qazlal [***...]
Gold:   417        SH:  4    Dex: 21    Spells: 9/9 levels left

rFire   . . .      SeeInvis +    v - +8 spear of Sudden Death {elec, Dex+6}
rCold   . . .      Faith    .    (no shield)
rNeg    . . .      Spirit   +    J - +0 steam dragon scales
rPois   .          Reflect  .    c - +0 helmet
rElec   .          Harm     .    (no cloak)
rCorr   +          Rampage  .    F - +0 pair of gloves
Will    .....                    m - +0 pair of boots
Stlth   +.........               E - amulet of guardian spirit
HPRegen 0.21/turn                h - ring of resist corrosion
MPRegen 0.16/turn                D - ring of see invisible

@: about to teleport
A: (nimble swimmer 2), mertail
a: Renounce Religion, Upheaval, Elemental Force


You were on level 7 of the Dungeon.
You worshipped Qazlal.
Qazlal was most pleased with you.
You visited 1 branch of the dungeon, and saw 7 of its levels.

You collected 417 gold pieces.

Inventory:

Hand Weapons
 a - a +0 trident
 v - the +8 spear of Sudden Death (weapon) {elec, Dex+6}
   (You found it on level 3 of the Dungeon)

   It occasionally discharges a powerful burst of electricity upon striking a
   foe.
   Dex:       It affects your dexterity (+6).
 I - a +2 shortbow of flaming
Missiles
 d - a throwing net (quivered)
 e - a javelin
 C - a boomerang
Armour
 b - a +0 leather armour
 c - a +0 helmet (worn)
 m - a +0 pair of boots (worn)
 F - a +0 pair of gloves (worn)
 J - +0 steam dragon scales (worn)
Magical Staves
 i - a staff of fire
Jewellery
 h - a ring of resist corrosion (left hand)
 D - a ring of see invisible (right hand)
 E - an amulet of guardian spirit (around neck)
Scrolls
 g - 2 scrolls of noise
 k - a scroll of silence {unknown}
 l - a scroll of poison {unknown}
 o - a scroll of fear {unknown}
 p - 3 scrolls of magic mapping {unknown}
 q - 5 scrolls of teleportation
 r - 7 scrolls of identify {unknown}
 t - a scroll of amnesia {unknown}
 x - a scroll of enchant armour {unknown}
 y - a scroll of fog {unknown}
 A - 2 scrolls of torment {unknown}
Potions
 f - 4 potions of degeneration {unknown}
 j - 3 potions of lignification {unknown}
 n - 3 potions of haste
 s - a potion of ambrosia {unknown}
 u - 2 potions of brilliance {unknown}
 w - 2 potions of curing {unknown}
 z - a potion of cancellation {unknown}
 B - 2 potions of might {unknown}
 G - a potion of attraction {unknown}
 H - a potion of berserk rage {unknown}


   Skills:
 - Level 2.1 Fighting
 - Level 12.0 Polearms
 - Level 4.0 Throwing
 - Level 4.0 Dodging
 + Level 12.2 Invocations


You had 9 spell levels left.
You didn't know any spells.
Your spell library contained the following spells:

 Spells                   Type           Power      Damage    Failure   Level
 Kiss of Death            Conj/Necr      0%         2d5       30%         1
 Sting                    Tmut/Pois      0%         1d3       30%         1
 Cigotuvi's Dreadful Rot  Necr/Pois/Air  0%         N/A       43%         2
 Poisonous Vapours        Pois/Air       0%         N/A       43%         2
 Sublimation of Blood     Necr           0%         N/A       43%         2
 Wereblood                Tmut           0%         N/A       43%         2
 Confusing Touch          Hex            0%         N/A       67%         3
 Stone Arrow              Conj/Erth      0%         3d7       67%         3
 Animate Armour           Summ/Erth      0%         N/A       97%         4
 Dispel Undead            Necr           0%         3d6       97%         4
 Olgreb's Toxic Radiance  Pois           0%         N/A       97%         4
 Summon Forest            Summ/Tloc      0%         N/A       100%        5
 Summon Mana Viper        Hex/Summ       0%         N/A       100%        5
 Death Channel            Necr           0%         N/A       100%        6
 Summon Cactus Giant      Summ           0%         N/A       100%        6
 Summon Hydra             Summ           0%         N/A       100%        7
 Lehudib's Crystal Spear  Conj/Erth      0%         10d2      100%        8


Dungeon Overview and Level Annotations

Branches:
Dungeon (7/15)             Temple (0/1) D:6

Altars:
Cheibriados
Qazlal
Wu Jian
Xom

Shops:
D:6 :


Innate Abilities, Weirdness & Mutations

((You are very nimble when in or above water. (Stealth+, EV+, Speed+++)))
Your lower body shifts to a powerful aquatic tail in water.


Message History

You hit the cyan ugly thing but do no damage.
The cyan ugly thing is severely wounded.
The cyan ugly thing struggles against the net.
Reach: v) +8 spear of Sudden Death {elec, Dex+6}
Press: ? - help, Dir - move target, f/p - cyan ugly thing
Aim: a cyan ugly thing (severely wounded, entangled in a net, about 7% to evade the +8 spear of Sudden Death)
You reach to attack!
You strike the helpless cyan ugly thing from behind!
You puncture the cyan ugly thing!
The cyan ugly thing is almost dead.
Reach: v) +8 spear of Sudden Death {elec, Dex+6}
Press: ? - help, Dir - move target, f/p - cyan ugly thing
Aim: a cyan ugly thing (almost dead, entangled in a net, about 7% to evade the +8 spear of Sudden Death)
You reach to attack!
You hit the cyan ugly thing.
The cyan ugly thing is almost dead.
The cyan ugly thing struggles against the net.
Reach: v) +8 spear of Sudden Death {elec, Dex+6}
Press: ? - help, Dir - move target, f/p - cyan ugly thing
Aim: a cyan ugly thing (almost dead, entangled in a net, about 7% to evade the +8 spear of Sudden Death)
You reach to attack!
You puncture the cyan ugly thing!
You kill the cyan ugly thing!
Qazlal accepts your kill.
Your Invocations skill increases to level 12!
You start resting.
A boulder beetle comes into view.
You see here a killer bee corpse.
The boulder beetle curls into a ball and begins rolling!
The boulder beetle hits you!!!
* * * LOW HITPOINT WARNING * * *
The boulder beetle stops rolling and uncurls.
Okay, then.
As you read the scroll labelled BYBON CETIF, it crumbles to dust.
You hear a loud clanging noise!
It was a scroll of noise.
You hear an angry hiss.
You hear a shout!
The boulder beetle bites you but does no damage.
As you read the scroll labelled ILASEIXYMU, it crumbles to dust.
You feel strangely unstable.
It was a scroll of teleportation.
The boulder beetle bites you!
You die...

######### #.......####
#.#####§...##
##.###.B@....#########
#..†...#.§...........#
##)†...........######.#
#..####.........# ##.# #.#.##
#.####.....###..#
#.###.###.#####...##....##
#.#.....B.................###
##..#####.#########.#####...#
#. .# #.### #.#.#


You could see a boulder beetle.

Vanquished Creatures
  A two-headed ogre (D:7)
  A boulder beetle (D:7)
  An ugly thing (D:7)
  Maggie (D:6)
  A shadow (D:7)
  Sigmund (D:3)
  Eustachio (D:4)
  2 water moccasins
  3 ice beasts
  A black bear (D:4)
  An ogre (D:5)
  2 centaurs
  3 bullfrogs
  A necrophage (D:7)
  3 wights (D:7)
  A killer bee (D:7)
  A howler monkey (D:7)
  2 jellies
  5 hounds
  2 orc priests (D:4)
  2 iguanas
  An orc wizard (D:6)
  Natasha (twice) (D:3)
  3 gnolls (D:7)
  5 adders
  3 shadow imps
  A white imp (D:7)
  3 ufetubi
  A worm (D:4)
  A dart slug (D:5)
  23 orcs
  5 bats
  3 endoplasms
  4 giant cockroaches
  9 goblins
  8 hobgoblins
  7 quokkas
  9 ball pythons
  5 frilled lizards
  7 kobolds
  12 rats
148 creatures vanquished.

Vanquished Creatures (others)
  2 plants (D:1)
2 creatures vanquished.

Grand Total: 150 creatures vanquished

Notes
Turn   | Place    | Note
-------+----------+-------------------------------------------
     0 | D:1      | Hubris850 the Merfolk Gladiator began the quest for the
                  | Orb.
     0 | D:1      | Reached XP level 1. HP: 16/16 MP: 1/1
   276 | D:1      | Reached XP level 2. HP: 22/22 MP: 2/2
  1353 | D:2      | Reached XP level 3. HP: 26/27 MP: 3/3
  1446 | D:2      | Found a faded altar of an unknown god.
  1590 | D:2      | Reached skill level 5 in Polearms
  1899 | D:2      | Found an ornate altar of the Wu Jian Council.
  2057 | D:3      | Identified the +8 spear of Sudden Death {elec, Dex+6}
  2101 | D:3      | Found a stormy altar of Qazlal.
  2101 | D:3      | Noticed Sigmund
  2111 | D:3      | Killed Sigmund
  2112 | D:3      | Reached XP level 4. HP: 26/33 MP: 4/4
  2112 | D:3      | Reached XP level 5. HP: 29/38 MP: 5/5
  2116 | D:3      | Became a worshipper of Qazlal Stormbringer
  2328 | D:3      | Noticed Natasha
  2333 | D:3      | Killed Natasha
  2334 | D:3      | Reached skill level 1 in Invocations
  2334 | D:3      | Reached XP level 6. HP: 43/44 MP: 6/6
  2493 | D:3      | Noticed Natasha
  2499 | D:3      | Killed Natasha
  2673 | D:4      | Noticed a black bear
  2690 | D:4      | Killed a black bear
  2758 | D:4      | Noticed Eustachio
  2771 | D:4      | Killed Eustachio
  2772 | D:4      | Reached XP level 7. HP: 40/50 MP: 9/9
  2854 | D:4      | Reached * piety under Qazlal
  3572 | D:5      | Entered Level 5 of the Dungeon
  3784 | D:5      | Found a snail-covered altar of Cheibriados.
  3858 | D:5      | Reached skill level 5 in Invocations
  3858 | D:5      | Reached XP level 8. HP: 56/56 MP: 11/11
  4191 | D:5      | Reached ** piety under Qazlal
  4309 | D:5      | Reached skill level 10 in Polearms
  4764 | D:6      | Found a staircase to the Ecumenical Temple.
  4913 | D:6      | Reached XP level 9. HP: 61/61 MP: 14/14
  5075 | D:6      | Found Eneroc's Vocational Training.
  5114 | D:6      | Reached *** piety under Qazlal
  5132 | D:6      | Found a shimmering altar of Xom.
  5189 | D:6      | Noticed Maggie
  5199 | D:6      | Killed Maggie
  5786 | D:7      | Noticed a boulder beetle
  5802 | D:7      | Noticed a two-headed ogre
  5810 | D:7      | Killed a boulder beetle
  5811 | D:7      | Reached skill level 10 in Invocations
  5817 | D:7      | Killed a two-headed ogre
  5818 | D:7      | Reached XP level 10. HP: 14/67 MP: 3/18
  5892 | D:7      | Noticed a cyan ugly thing
  5910 | D:7      | Killed a cyan ugly thing
  5915 | D:7      | Noticed a boulder beetle
  5921 | D:7      | HP: 3/67 [boulder beetle (27)]
  5923 | D:7      | Slain by a boulder beetle

Illustrated notes

Levels and vault maps discovered:
D:1:      dpeg_arrival_ternary, layout_loops_ring, serial_forest,
          infiniplex_forest_lined_room_, infiniplex_forest_zigzag_2,
          infiniplex_forest_zigzag_1, infiniplex_forest_lined_3,
          infiniplex_forest_clump_small, kennysheep_flooded_box, minivault_5,
          hangedman_glass_teeth, minivault_5, minmay_pentomino_q4
D:2:      layout_loops_ring, ebering_ecumenical_altar_rust, basic_altar
D:3:      layout_basic, grunt_qazlal_sundering, uniq_sigmund, uniq_natasha
D:4:      layout_cave_pools, minmay_crystal_room, uniq_eustachio
D:5:      layout_loops_corners, marbit_many_paths,
          minmay_misc_feat_more_columns, serial_bayou_crossing
D:6:      layout_gridville, tgw_xom, minmay_temple_entry_statues_fountains,
          nicolae_lava_and_water, nicolae_shop_vocational, uniq_maggie
D:7:      layout_loops_corners, minmay_the_grid_2x2 [minmay_the_grid_tree,
          minmay_the_grid_dragon_b, minmay_the_grid_rooms,
          minmay_the_grid_prize_four_corners]

Skill      XL: |  1  2  3  4  5  6  7  8  9 10 |
---------------+-------------------------------+-----
Polearms       | 6 7 8 9 11 12 | 12.0
Throwing       | 4 |  4.0
Invocations    | 1 3 5 7 11 12 | 12.2
Fighting       | |  2.1
Dodging        | |  4.0

Action                   |  1- 3 |  4- 6 |  7- 9 | 10-12 || total
-------------------------+-------+-------+-------+-------++-------
Melee: Trident           |   125 |       |       |       ||   125
       Spear             |     8 |    58 |   223 |    31 ||   320
       Punch             |       |       |     1 |       ||     1
Throw: Javelin           |       |       |     1 |       ||     1
       Boomerang         |       |       |     1 |       ||     1
       Throwing net      |       |       |       |     2 ||     2
  Use: Scroll            |       |       |       |     2 ||     2
 Stab: Sleeping          |     3 |     2 |       |       ||     5
       Held in net/web   |       |       |       |     4 ||     4
Armor: Leather armour    |    33 |     5 |    10 |       ||    48
       Steam dragon scal |       |       |     1 |     1 ||     2
Dodge: Dodged            |    63 |    19 |    58 |     2 ||   142
Block: Other             |       |       |    11 |       ||    11

Table legend: (Time is in decaauts)
 A = Elapsed time spent in this place.
 B = Non-inter-level travel time spent in this place.
 C = Inter-level travel time spent in this place.
 D = Time resting spent in this place.
 E = Time spent auto-exploring this place.
 F = Levels seen in this place.
 G = Mean time per level.
                   A        B        C        D        E       F      G
               +--------+--------+--------+--------+--------+-----+--------+
         Total |   5793 |   5512 |    281 |    272 |   4366 |   7 |  827.6 |
       Dungeon |   5793 |   5512 |    281 |    272 |   4366 |   7 |  827.6 |
               +--------+--------+--------+--------+--------+-----+--------+

Top non-repeatable levels by time:
     D:1: 1352 daAuts
     D:4: 889 daAuts
     D:6: 862 daAuts
     D:5: 836 daAuts
     D:2: 697 daAuts
     D:3: 608 daAuts
     D:7: 546 daAuts
